 Dungeon Crawl Stone Soup version 0.32-a0-961-gd60f5e5fc7 (webtiles) character file.

Game seed: 3168340648759243829

5265 Aneyh the Fighter (level 10, 0/64 HPs)
             Began as a Tengu Monk on Apr 18, 2024.
             Was an Elder of Hepliaklqana.
             Slain by a gnoll
             ... wielding a +0 club
             ... led by a gnoll sergeant
              (5 damage)
             ... on level 8 of the Dungeon.
             The game lasted 00:14:19 (8365 turns).

Aneyh the Fighter (Tengu Monk)                      Turns: 8365, Time: 00:14:21

Health: 0/64       AC:  8    Str: 22    XL:     10   Next: 62%
Magic:  11/11      EV: 18    Int: 11    God:    Hepliaklqana [****..]
Gold:   886        SH:  0    Dex: 16    Spells: 7/9 levels left

rFire   . . .        a - +0 glaive (heavy)
rCold   . . .        (shield currently unavailable)
rNeg    . . .        z - +1 steam dragon scales
rPois   .            (helmet restricted)
rElec   .            H - +0 cloak
rCorr   .            m - +0 pair of gloves
SInv    +            (boots unavailable)
Will    .....        o - amulet of magic regeneration
Stlth   +            v - +6 ring of strength
HPRegen 0.30/turn    x - ring of see invisible
MPRegen 0.52/turn

%: acrobat
@: about to teleport, on berserk cooldown, flying, slowed, very slow
A: reduced essence, beak, talons 3, evasive flight, acrobatic
a: Renounce Religion, Recall Ancestor, Ancestor Identity, Transference, Idealise


You were on level 8 of the Dungeon.
You worshipped Hepliaklqana.
Hepliaklqana was greatly pleased with you.
You visited 2 branches of the dungeon, and saw 10 of its levels.

You collected 886 gold pieces.

Inventory:

Hand Weapons
 a - a +0 heavy glaive (weapon)
 b - a +0 arbalest
 c - a +0 halberd
 w - a +3 whip of venom
 B - a +0 spear
 F - a +0 vampiric war axe
 I - a +0 trident
 M - a +0 orcbow
Missiles
 e - 2 throwing nets
Armour
 d - an orb of light
 m - a +0 pair of gloves (worn)
 p - +0 acid dragon scales
 t - a +0 kite shield
 z - +1 steam dragon scales (worn)
 H - a +0 cloak (worn)
Jewellery
 o - an amulet of magic regeneration (around neck)
 v - a +6 ring of strength (left hand)
 x - a ring of see invisible (right hand)
 J - a ring of protection from cold
Wands
 f - a wand of polymorph (6)
 y - a wand of quicksilver (8)
 K - a wand of mindburst (12)
 O - a wand of iceblast (4)
Scrolls
 i - 2 scrolls of amnesia
 j - a scroll of identify
 n - a scroll of poison
 s - a scroll of immolation
 E - a scroll of vulnerability
 G - a scroll of torment {unknown}
 N - 2 scrolls of revelation {unknown}
Potions
 g - a potion of might
 h - 3 potions of curing
 l - a potion of magic {unknown}
 r - a potion of invisibility
 A - a potion of resistance {unknown}
 C - 2 potions of haste
 D - a potion of degeneration {unknown}


   Skills:
 * Level 12.9 Fighting
 + Level 7.9 Polearms
 + Level 6.7 Dodging
 - Level 3.0 Summonings


You had 7 spell levels left.
You knew the following spells:

 Your Spells              Type           Power      Damage    Failure   Level
a - Call Imp              Summ           12%        N/A       16%         2

Your spell library contained the following spells:

 Spells                   Type           Power      Damage    Failure   Level
 Apportation              Tloc           0%         N/A       34%         1
 Kiss of Death            Conj/Necr      0%         2d5       34%         1
 Slow                     Hex            0%         N/A       34%         1
 Ensorcelled Hibernation  Hex/Ice        0%         N/A       47%         2
 Jinxbite                 Hex            0%         N/A       47%         2
 Sublimation of Blood     Necr           0%         N/A       47%         2
 Confusing Touch          Hex            0%         N/A       71%         3
 Maxwell's Portable Pile  Tloc           0%         2d(5-13)  71%         3
 Passwall                 Erth           0%         N/A       71%         3
 Swiftness                Air            0%         N/A       71%         3
 Vampiric Draining        Necr           0%         2d6       71%         3
 Dispel Undead            Necr           0%         3d6       98%         4
 Alistair's Intoxication  Alch           0%         N/A       100%        5
 Magnavolt                Erth/Air       0%         3d9       100%        7
 Summon Hydra             Summ           3%         N/A       100%        7
 Maxwell's Capacitive Co  Air            0%         ∞         100%        8


Dungeon Overview and Level Annotations

Branches:
Dungeon (9/15)             Temple (1/1) D:4
   Lair: D:8-11         Orc: D:9-12

Altars:
Ashenzari
Cheibriados
Dithmenos
Elyvilon
Fedhas
Hepliaklqana
Kikubaaqudgha
Makhleb
Nemelex Xobeh
Okawaru
Qazlal
Ru
Sif Muna
Trog
Uskayaw
Vehumet
Wu Jian
Xom
Yredelemnul
Zin
The Shining One

Annotations:
D:3 2 transporters, markshark's ghost, amateur MiFi
D:7 2 runed translucent doors, SaltyWalty's ghost, novice CoHu


Innate Abilities, Weirdness & Mutations

Your life essence is reduced to manifest your ancestor. (-10% HP)
You have a beak for a mouth.
You have claws for feet.
Your magical flight helps you evade attacks. (EV +4)
You can magically evade attacks while moving or waiting.


Message History

You slice the killer bee!!
You kill the killer bee!
The killer bee stings you.
* * * LOW HITPOINT WARNING * * *
The killer bee completely misses you. The killer bee misses you.
You carve the killer bee like a ham!!!
You kill the killer bee!
You fly downwards.
You feel a strong urge to attack something.
The killer bee stings you.
* * * LOW HITPOINT WARNING * * *
The gnoll misses you. The shadow hits you.
* * * LOW HITPOINT WARNING * * *
The killer bee stings you.
* * * LOW HITPOINT WARNING * * *
There is a stone staircase leading up here.
The killer bee stings you.
* * * LOW HITPOINT WARNING * * *
The gnoll hits you but does no damage. The shadow misses you.
You fly upwards.
You feel your anger nearly subside.
You are no longer berserk.
You are exhausted.
You feel yourself slow down.
There is a stone staircase leading down, spattered with blood here.
Okay, then.
Okay, then.
As you read the scroll of teleportation, it crumbles to dust.
You feel strangely unstable. The killer bee misses you.
The killer bee stings you.
* * * LOW HITPOINT WARNING * * *
The gnoll hits you with a +0 club.
* * * LOW HITPOINT WARNING * * *
The shadow hits you. The killer bee misses you.
You feel better. The killer bee stings you.
* * * LOW HITPOINT WARNING * * *
The killer bee closely misses you. The gnoll misses you.
The shadow completely misses you. The killer bee completely misses you.
The gnoll hits you with a +0 club.
You die...
Hepliaklqana delivers you to your ancestors.

###.[........##
##..R.####<## ####........
###.....#... #...##......
####.####.<....
###########....# ##..###.
##...#..†#y..######......)
##.......W@.####...).......
#.........g.####..)..##.###
#..............)..#####....
#...........##.#### #.##.
##.........#...# #.###
##...#...##.### #.# #
#########..# ##.# # #.##
##.># # ###.# #..## #


You could see a shadow, a killer bee and a gnoll.

Vanquished Creatures
  Maggie (D:9)
  3 vampire mosquitoes (D:7)
  3 steam dragons
  An acid dragon (D:8)
  An ice beast (D:5)
  2 orc warriors
  A black bear (D:5)
  An ogre (D:4)
  2 centaurs
  2 kobold brigands
  2 wights (D:8)
  3 killer bees (D:8)
  A howler monkey (D:4)
  A lava snake (D:8)
  2 bombardier beetles
  2 hounds
  4 orc priests
  2 jellies
  A sleepcap (D:4)
  Jessica (D:3)
  2 iguanas
  An orc wizard (D:9)
  7 adders
  2 gnolls (D:9)
  3 white imps
  2 dart slugs
  2 ribbon worms
  19 orcs
  6 bats
  9 endoplasms
  3 giant cockroaches
  8 hobgoblins
  9 jackals
  4 quokkas
  10 ball pythons
  2 frilled lizards
  8 goblins
  14 kobolds
  14 rats
161 creatures vanquished.

Vanquished Creatures (collateral kills)
  A cyclops (D:8)
  A steam dragon (D:5)
  A vampire mosquito (D:7)
  Menkaure (D:5)
  3 ice beasts
  A black bear (D:5)
  An ogre (D:5)
  A centaur (D:5)
  A kobold brigand (D:8)
  A gnoll sergeant (D:8)
  3 wights (D:8)
  A killer bee (D:9)
  A lava snake (D:8)
  6 hounds
  A jelly (D:4)
  2 orc priests
  An iguana (D:5)
  A sleepcap (D:4)
  Ijyb (D:5)
  8 orc wizards
  10 gnolls
  3 adders (D:5)
  A shadow imp (D:5)
  A white imp (D:7)
  14 orcs
  A giant cockroach (D:4)
  3 hobgoblins (D:4)
  A jackal (D:4)
  A ball python (D:4)
  8 kobolds
80 creatures vanquished.

Vanquished Creatures (others)
  8 battlemagi
  2 kobolds (D:5)
10 creatures vanquished.

Grand Total: 251 creatures vanquished

Notes
Turn   | Place    | Note
-------+----------+-------------------------------------------
     0 | D:1      | Aneyh the Tengu Monk began the quest for the Orb.
     0 | D:1      | Reached XP level 1. HP: 14/14 MP: 2/2
    79 | D:1      | Reached XP level 2. HP: 19/19 MP: 3/3
   189 | D:1      | Reached XP level 3. HP: 7/23 MP: 4/4
  1070 | D:2      | Reached XP level 4. HP: 28/28 MP: 5/5
  1184 | D:2      | Found a faded altar of an unknown god.
  1581 | D:3      | Found a burning altar of Makhleb.
  1663 | D:3      | Noticed Jessica
  1689 | D:3      | Killed Jessica
  1835 | D:3      | Reached XP level 5. HP: 32/32 MP: 6/6
  1844 | D:3      | Found a transporter.
  1847 | D:3      | Noticed a phantom
  1847 | D:3      | Noticed markshark's ghost (amateur MiFi)
  1852 | D:3      | Found a transporter.
  1908 | D:3      | Reached skill level 5 in Polearms
  1908 | D:3      | Reached skill level 5 in Dodging
  2098 | D:3      | Found a sacrificial altar of Ru.
  2371 | D:4      | Noticed an ogre
  2382 | D:4      | Killed an ogre
  2383 | D:4      | Reached skill level 4 in Fighting
  2383 | D:4      | Reached XP level 6. HP: 39/39 MP: 7/7
  2406 | D:4      | Found a staircase to the Ecumenical Temple.
  2430 | Temple   | Entered the Ecumenical Temple
  2473 | Temple   | Became a worshipper of Hepliaklqana the Forgotten
  2473 | Temple   | Reached * piety under Hepliaklqana
  2473 | Temple   | Reached ** piety under Hepliaklqana
  2474 | Temple   | Remembered your ancestor Repheov as a battlemage
  2524 | D:4      | Reached skill level 5 in Fighting
  2815 | D:4      | Reached skill level 6 in Fighting
  2815 | D:4      | Gained mutation: Your magical flight helps you evade
                  | attacks. (EV +4) [Tengu growth]
  2815 | D:4      | Reached XP level 7. HP: 41/41 MP: 8/8
  3175 | D:4      | Found a glowing golden altar of the Shining One.
  3354 | D:5      | Entered Level 5 of the Dungeon
  3366 | D:5      | Noticed Ijyb
  3370 | D:5      | Reached skill level 7 in Fighting
  3377 | D:5      | Killed Ijyb
  3485 | D:5      | Reached XP level 8. HP: 32/48 MP: 9/9
  3553 | D:5      | Reached skill level 8 in Fighting
  3720 | D:5      | Reached skill level 9 in Fighting
  3867 | D:5      | Reached *** piety under Hepliaklqana
  3875 | D:5      | Noticed Menkaure
  3882 | D:5      | Reached skill level 10 in Fighting
  4019 | D:5      | Killed Menkaure
  4020 | D:5      | Reached XP level 9. HP: 30/56 MP: 10/10
  4134 | D:5      | Found a blossoming altar of Fedhas.
  4158 | D:5      | Reached skill level 11 in Fighting
  4494 | D:6      | Found a broken altar of Ashenzari.
  5093 | D:7      | Found a hide-covered altar of Uskayaw.
  5195 | D:7      | Reached **** piety under Hepliaklqana
  5218 | D:7      | Found a large runed translucent door.
  5219 | D:7      | Found a large runed translucent door.
  5221 | D:7      | Noticed SaltyWalty's ghost (novice CoHu)
  5682 | D:7      | HP: 2/57 [orc warrior/bolt (19)]
  6049 | D:7      | Learned a level 2 spell: Call Imp
  6521 | D:7      | Reached skill level 1 in Summonings
  6526 | D:7      | Reached skill level 12 in Fighting
  6765 | D:8      | Reached XP level 10. HP: 56/63 MP: 11/11
  7688 | D:9      | Noticed a cyclops
  8111 | D:9      | Noticed Maggie
  8120 | D:8      | Killed a cyclops
  8325 | D:9      | Killed Maggie
  8364 | D:8      | HP: 3/64 [killer bee (1)]
  8364 | D:8      | HP: 1/64 [gnoll/+0 club[a gnoll sergeant] (2)]
  8365 | D:8      | Slain by a gnoll

Illustrated notes

Levels and vault maps discovered:
D:1:      dpeg_arrival_windows_large_door, layout_rooms
D:2:      kb_forest_paths, layout_basic, ebering_ecumenical_altar_sacrificial,
          minmay_rat_gold_closets
D:3:      layout_basic, mainiacjoe_overflow_cross_hatched,
          nicolae_ru_great_annihilating_truth, gammafunk_ghost_mausoleum,
          minmay_statues_item, uniq_jessica
D:4:      minmay_polygon_palace, layout_loops_ring, general_overflow_altar,
          minmay_temple_entry_overgrown
D:5:      kennysheep_steamy, layout_loops_ring, fedhas_ov_isle_minmay,
          uniq_ijyb, uniq_menkaure
D:6:      layout_basic, ashenzari_conservatory_becter, serial_glass,
          glass_columns_c, glass_columns_c, feat_on_display,
          due_unseen_surprise, item_on_display_a, feat_on_display
D:7:      layout_loops_ring, kennysheep_mini_moat, ebering_ghost_disaster_area,
          lemuel_flame_loot_1
D:8:      layout_rooms, kennysheep_pointless_box
D:9:      minmay_the_grid_net [minmay_the_grid_armoury,
          minmay_the_grid_spin_star, minmay_the_grid_dragon_a,
          minmay_the_grid_eight, minmay_the_grid_garden,
          minmay_the_grid_prize_diamond_cup], layout_irregular_city,
          mainiacjoe_overflow_tiny_flanked, serial_shops, nicolae_shop_trees,
          kennysheep_generic_room_11, uniq_maggie, uniq_pikel
Temple:   regret_index_temple_generic_petals

Skill      XL: |  1  2  3  4  5  6  7  8  9 10 |
---------------+-------------------------------+-----
Dodging        | 4 5 6 |  6.7
Polearms       | 4 5 6 7 |  7.9
Fighting       | 4 6 7 10 12 | 12.9
Summonings     | 2 3 |  3.0

Action                     |  1- 3 |  4- 6 |  7- 9 | 10-12 || total
---------------------------+-------+-------+-------+-------++-------
  Melee: Spear             |   113 |   172 |    75 |       ||   360
         Kick              |    24 |    39 |    37 |    13 ||   113
         Peck              |    12 |    19 |    22 |     4 ||    57
         Halberd           |       |       |    50 |    49 ||    99
         Trident           |       |       |     1 |       ||     1
         Glaive            |       |       |       |    11 ||    11
   Fire: Orcbow            |       |       |    81 |       ||    81
         Arbalest          |       |       |     7 |     6 ||    13
   Cast: Call Imp          |       |       |     1 |    10 ||    11
 Invoke: Ancestor Life: Ba |       |     1 |       |       ||     1
         Recall Ancestor   |       |       |       |     1 ||     1
    Use: Potion            |       |     1 |     7 |     3 ||    11
         Scroll            |       |       |    13 |     2 ||    15
   Stab: Sleeping          |     8 |     7 |       |       ||    15
         Paralysed         |       |     6 |       |       ||     6
         Distracted        |       |     2 |     2 |     1 ||     5
 Armour: Robe              |    40 |    49 |       |       ||    89
         Ring mail         |       |       |    14 |       ||    14
         Steam dragon scal |       |       |    80 |    67 ||   147
  Dodge: Dodged            |    56 |    90 |   175 |   128 ||   449

Table legend: (Time is in decaauts)
 A = Elapsed time spent in this place.
 B = Non-inter-level travel time spent in this place.
 C = Inter-level travel time spent in this place.
 D = Time resting spent in this place.
 E = Time spent auto-exploring this place.
 F = Levels seen in this place.
 G = Mean time per level.
                   A        B        C        D        E       F      G
               +--------+--------+--------+--------+--------+-----+--------+
         Total |   8394 |   8021 |    373 |   1560 |   5078 |  10 |  839.4 |
       Dungeon |   8309 |   8018 |    291 |   1560 |   5078 |   9 |  923.2 |
        Temple |     85 |      3 |     82 |      0 |      0 |   1 |   85.0 |
               +--------+--------+--------+--------+--------+-----+--------+

Top non-repeatable levels by time:
     D:7: 1686 daAuts
     D:8: 1570 daAuts
     D:4: 1050 daAuts
     D:5: 965 daAuts
     D:2: 859 daAuts
     D:3: 820 daAuts
     D:6: 668 daAuts
     D:1: 614 daAuts
  Temple: 85 daAuts
     D:9: 75 daAuts
